 Dungeon Crawl Stone Soup version 0.30-a0-883-g5ad918d77d (webtiles) character file.

Game seed: 7198065305416300981

176956 Conn the Eclecticist (level 18, -8/106 HPs)
             Began as an Octopode Fire Elementalist on Mar 12, 2023.
             Was a High Priest of Sif Muna.
             Mangled by an entropy weaver (14 damage)
             ... on level 3 of the Spider Nest on Mar 15, 2023.
             The game lasted 03:24:33 (31050 turns).

Conn the Eclecticist (Octopode Fire Elementalist)  Turns: 31050, Time: 03:24:35

Health: -8/106     AC:  5    Str:  6    XL:     18   Next: 15%
Magic:  20/55      EV: 10    Int: 38    God:    Sif Muna [*****.]
Gold:   2476       SH:  0    Dex: 30    Spells: 2/48 levels left

rFire   + + .      SeeInvis +    j - staff of fire
rCold   + + .      Faith    +    y - +1 kite shield {reflect}
rNeg    + . .      Spirit   .    C - +2 hat of the Cursing Gods {rF+ rN+ MP+9 Str+2}
rPois   +          Reflect  +    Q - amulet "Zysosa" {Faith rC+ Int+5 Dex-3 Stlth+}
rElec   +          Rampage  .    p - ring "Ejuvis" {rPois AC+4 Str-4 Int-2 Dex+8}
rCorr   +                        m - +6 ring of intelligence
Will    +....                    w - +6 ring of dexterity
Stlth   ++++++                   I - +6 ring of dexterity
HPRegen 0.37/turn                V - ring of magical power
MPRegen 0.34/turn                P - ring of Cotiwn {rElec rC+}
                                 J - ring "Kozunask" {rCorr Int+5}
                                 x - ring of see invisible

@: lethally poisoned (-8 -> -10), corroded, held, studying Maces & Flails
A: almost no armour, amphibious, 8 rings, camouflage 1, gelatinous body 1,
(nimble swimmer 1), tentacles, iridescent scales 1, mutation resistance 1
a: Renounce Religion, Channel Magic, Forget Spell, Divine Exegesis


You were on level 3 of the Spider Nest.
You worshipped Sif Muna.
Sif Muna was extremely pleased with you.
You visited 6 branches of the dungeon, and saw 24 of its levels.
You visited the Abyss 1 time.
You also visited: Volcano.

You collected 6146 gold pieces.
You spent 3670 gold pieces at shops.

Inventory:

Hand Weapons
 a - the +7 sceptre of Torment {pain, torment}
   (You took it off a deep elf annihilator on level 3 of the Elven Halls)
 X - the +9 sword of Power {lifebolt}
   (You took it off a deep elf death mage on level 3 of the Elven Halls)
Missiles
 v - 6 throwing nets
Armour
 f - the +2 shield of Resistance {rF++ rC++ Will++}
   (You acquired it on level 4 of the Dungeon)

   rF:        It greatly protects you from fire.
   rC:        It greatly protects you from cold.
   Will:      It greatly increases your willpower.
 y - a +1 kite shield of reflection (worn)
 B - the +1 hat of Pan-Flutes {rElec Regen+ Str+3 Slay-5}
   (You found it on level 8 of the Dungeon)

   Str:       It affects your strength (+3).
   Slay:      It affects your accuracy & damage with ranged weapons and melee
   (-5).
   rElec:     It insulates you from electricity.
   Regen:     It increases your rate of health regeneration.
 C - the +2 hat of the Cursing Gods (worn) {rF+ rN+ MP+9 Str+2}
   (You found it on level 8 of the Dungeon)

   Str:       It affects your strength (+2).
   rF:        It protects you from fire.
   rN:        It protects you from negative energy.
   MP:        It affects your magic capacity (+9).
 F - the +0 hat of Agnosticism {rPois Regen+ Str+2}
   (You acquired it on level 2 of the Spider Nest)

   Str:       It affects your strength (+2).
   rPois:     It protects you from poison.
   Regen:     It increases your rate of health regeneration.
 Y - a +1 kite shield of protection
Magical Staves
 b - a staff of conjuration
 j - a staff of fire (weapon)
Jewellery
 g - an amulet of magic regeneration
 m - a +6 ring of intelligence (right tentacle)
 p - the ring "Ejuvis" (left tentacle) {rPois AC+4 Str-4 Int-2 Dex+8}
   (You found it on level 3 of the Dungeon)

   [ring of protection]

   AC:        It affects your AC (+4).
   Str:       It affects your strength (-4).
   Int:       It affects your intelligence (-2).
   Dex:       It affects your dexterity (+8).
   rPois:     It protects you from poison.
 w - a +6 ring of dexterity (on tentacle)
 x - a ring of see invisible (on tentacle)
 A - a ring of ice
 I - a +6 ring of dexterity (on tentacle)
 J - the ring "Kozunask" (on tentacle) {rCorr Int+5}
   (You acquired it on level 2 of the Orcish Mines)

   [ring of resist corrosion]

   Int:       It affects your intelligence (+5).
   rCorr:     It protects you from acid and corrosion.
 N - a ring of positive energy
 P - the ring of Cotiwn (on tentacle) {rElec rC+}
   (You bought it in a shop on level 2 of the Orcish Mines)

   [ring of protection from cold]

   rC:        It protects you from cold.
   rElec:     It insulates you from electricity.
 Q - the amulet "Zysosa" (around mantle) {Faith rC+ Int+5 Dex-3 Stlth+}
   (You bought it in a shop on level 2 of the Orcish Mines)

   [amulet of faith]

   It allows you to gain divine favour quickly.
   Int:       It affects your intelligence (+5).
   Dex:       It affects your dexterity (-3).
   rC:        It protects you from cold.
   Stlth:     It makes you more stealthy.
 R - a ring of magical power
 V - a ring of magical power (on tentacle)
Wands
 o - a wand of roots (35)
 u - a wand of paralysis (40)
 G - a wand of quicksilver (18)
 L - a wand of digging (13)
Scrolls
 d - 10 scrolls of teleportation
 i - 6 scrolls of fog
 q - a scroll of torment
 r - 5 scrolls of poison
 s - a scroll of fear
 E - 3 scrolls of identify
 H - 3 scrolls of amnesia
 O - 4 scrolls of magic mapping
 T - a scroll of enchant weapon
Potions
 c - 2 potions of resistance
 e - 6 potions of flight
 k - 5 potions of might
 l - 4 potions of curing
 n - 9 potions of ambrosia
 t - 3 potions of haste
 z - 3 potions of attraction
 K - a potion of brilliance


   Skills:
 + Level 4.1 Fighting
 + Level 6.2 Long Blades
 + Level 0.3(1.5) Maces & Flails
 + Level 2.3(2.4) Staves
 + Level 7.0 Dodging
 - Level 4.3 Stealth
 + Level 11.8 Shields
 + Level 15.6 Spellcasting
 * Level 14.8 Conjurations
 + Level 2.2 Hexes
 + Level 5.7 Translocations
 + Level 12.9 Fire Magic
 * Level 5.1 Ice Magic
 + Level 2.3 Air Magic
 + Level 1.5 Earth Magic
 + Level 3.1 Poison Magic
 + Level 10.8 Invocations
 + Level 0.3 Evocations


You had 2 spell levels left.
You knew the following spells:

 Your Spells              Type           Power      Damage    Failure   Level
a - Foxfire               Conj/Fire      100%       2x1d9     0%          1
b - Blink                 Tloc           100%       N/A       1%          2
c - Inner Flame           Hex/Fire       92%        N/A       1%          3
d - Flame Wave            Conj/Fire      100%       2d21      1%          4
e - Scorch                Fire           100%       2d10      1%          2
f - Hailstorm             Conj/Ice       81%        3d16      1%          3
g - Stone Arrow           Conj/Erth      100%       3d13      1%          3
h - Fireball              Conj/Fire      58%        3d22      1%          5
i - Mephitic Cloud        Conj/Pois/Air  69%        N/A       1%          3
j - Orb of Destruction    Conj           48%        9d13      4%          7
k - Iskenderun's Mystic   Conj/Tloc      82%        2d16      1%          4
l - Ozocubu's Armour      Ice            62%        N/A       1%          3
m - Starburst             Conj/Fire      58%        6d15      1%          6

Your spell library contained the following spells:

 Spells                   Type           Power      Damage    Failure   Level
 Magic Dart               Conj           100%       1d8       0%          1
 Searing Ray              Conj           100%       2d8       0%          2
 Freeze                   Ice            100%       1d10      1%          1
 Kiss of Death            Conj/Necr      100%       2d13      1%          1
 Sandblast                Erth           82%        2d17      1%          1
 Shock                    Conj/Air       100%       1d9       1%          1
 Cigotuvi's Dreadful Rot  Necr/Pois/Air  86%        N/A       1%          2
 Ensorcelled Hibernation  Hex/Ice        100%       N/A       1%          2
 Lesser Beckoning         Tloc           100%       N/A       1%          2
 Momentum Strike          Conj/Tloc      100%       3d10      1%          2
 Poisonous Vapours        Pois/Air       100%       N/A       1%          2
 Static Discharge         Conj/Air       100%       2-7/arc   1%          2
 Necrotise                Necr           100%       1d9       2%          1
 Summon Small Mammal      Summ           100%       N/A       2%          1
 Passwall                 Tmut/Erth      29%        N/A       2%          2
 Sublimation of Blood     Necr           29%        N/A       3%          2
 Dazzling Flash           Conj/Hex       100%       N/A       1%          3
 Frozen Ramparts          Ice            100%       1d16      1%          3
 Ignite Poison            Fire/Tmut/Pois 81%        N/A       1%          3
 Kindle Blastsparks       Fire/Tloc/Air  100%       2d18      1%          3
 Portal Projectile        Hex/Tloc       100%       N/A       1%          3
 Vhi's Electric Charge    Tloc/Air       100%       N/A       1%          3
 Fulminant Prism          Conj/Hex       38%        3d17      1%          4
 Sticky Flame             Conj/Fire      100%       2d11      1%          4
 Arcjolt                  Conj/Air       38%        1d48      1%          5
 Iskenderun's Battlesphe  Conj           97%        2d14      1%          5
 Lightning Bolt           Conj/Air       38%        1d56      1%          5
 Swiftness                Air            47%        N/A       2%          3
 Tukima's Dance           Hex            47%        N/A       2%          3
 Spider Form              Tmut/Pois      41%        N/A       3%          3
 Freezing Cloud           Conj/Ice/Air   36%        6-21      3%          5
 Irradiate                Conj/Tmut      36%        3d23      3%          5
 Summon Guardian Golem    Hex/Summ       38%        N/A       4%          3
 Call Canine Familiar     Summ           29%        N/A       7%          3
 Airstrike                Air            23%        2d(4-20)  9%          4
 Summon Ice Beast         Ice/Summ       49%        N/A       9%          4
 Conjure Ball Lightning   Conj/Air       38%        3x3d12    11%         6
 Iron Shot                Conj/Erth      37%        9d7       13%         6
 Anguish                  Hex/Necr       19%        N/A       14%         4
 Summon Lightning Spire   Summ/Air       38%        N/A       14%         4
 Petrify                  Tmut/Erth      35%        N/A       17%         4
 Animate Dead             Necr           29%        N/A       24%         4
 Summon Mana Viper        Hex/Summ       38%        N/A       38%         5
 Borgnjor's Vile Clutch   Necr/Erth      17%        N/A       43%         5
 Agony                    Necr           29%        N/A       54%         5
 Blade Hands              Tmut           14%        N/A       54%         5
 Ignition                 Fire           56%        3d15      58%         8
 Spellforged Servitor     Conj/Summ      36%        N/A       67%         7
 Simulacrum               Ice/Necr       24%        N/A       77%         6
 Statue Form              Tmut/Erth      23%        N/A       95%         6
 Death Channel            Necr           14%        N/A       98%         6
 Lehudib's Crystal Spear  Conj/Erth      37%        10d9      99%         8
 Haunt                    Necr/Summ      14%        N/A       100%        7
 Monstrous Menagerie      Summ           14%        N/A       100%        7
 Infestation              Necr           14%        N/A       100%        8
 Death's Door             Necr           14%        N/A       100%        9
 Polar Vortex             Ice            31%        N/A       100%        9
 Animate Armour           Summ/Erth      Unusable   N/A       N/A         4

Dungeon Overview and Level Annotations

Branches:
Dungeon (10/15)            Temple (1/1) D:7            Lair (5/5) D:8
 Shoals (0/4) Lair:3       Spider (3/4) Lair:3        Slime (0/5) Lair:4
    Orc (2/2) D:10            Elf (3/3) Orc:2       Volcano (visited)

Altars:
Ashenzari
Cheibriados
Dithmenos
Elyvilon
Fedhas
Gozag
Hepliaklqana
Kikubaaqudgha
Makhleb
Nemelex Xobeh
Okawaru
Qazlal
Ru
Sif Muna
Trog
Uskayaw
Vehumet
Wu Jian
Xom
Yredelemnul
Zin
The Shining One

Shops:
D:4 !   D:6 :   Orc:2 (??=   Elf:3 (

Annotations:
D:8 3 runed translucent doors, paps's ghost, novice DsGl
Spider:3 Arachne; Mlioglotl


Innate Abilities, Weirdness & Mutations

You cannot wear most types of armour.
You are amphibious.
You can wear up to eight rings at the same time.
Your skin changes colour to match your surroundings (Stealth+).
Your rubbery body absorbs attacks. (AC +1, EV +1)
((You are camouflaged when in or above water. (Stealth+)))
You have tentacles for arms and can constrict up to eight enemies at once.
You are partially covered in iridescent scales. (AC +2)
You are somewhat resistant to further mutation.


Message History

The tarantella's many legs skitter faintly.
Your Dodging skill increases to level 7!
A ghost moth comes into view.
Unknown command.
Unknown command.
Casting: Starburst (dangerous; 1% risk of failure)
Confirm with . or Enter, or press ? or * to list all spells.
Casting: Starburst (dangerous; 1% risk of failure)
Press: ? - help, Dir - look around, f - activate You feel a surge of power!
The bolt of fire hits the wolf spider!!!
You kill the wolf spider!
Sif Muna accepts your kill.
The bolt of fire hits Arachne!!!
Arachne is severely wounded.
The bolt of fire hits Mlioglotl!!
Mlioglotl is heavily wounded.
You feel sick.
Arachne hits you with a staff of poison!
Arachne envenoms you. Mlioglotl hits you! Mlioglotl tramples you!
You hold your ground!
Unknown command.
Unknown command.
Casting: Starburst (dangerous; 1% risk of failure)
Confirm with . or Enter, or press ? or * to list all spells.
Your icy armour will break if you move.
Continue?
You blink.
Your icy armour cracks and falls away as you move.
You are caught in the web!
A redback, a wolf spider and an entropy weaver come into view.
Found 2 stones.
You feel sick.
The culicivora seems less confused.
Arachne says, "Come to my web."
The tarantella touches you!
* * * LOW HITPOINT WARNING * * *
The entropy weaver hits you!
* * * LOW HITPOINT WARNING * * *
The entropy weaver barely misses you. The entropy weaver hits you!
* * * LOW HITPOINT WARNING * * *
The entropy weaver hits you!
You die...

... s. ) .^ .#. ##
. ..^# . B####
y...#### #....
..#B..s#s.# # #†^
#@.# .
#.#..#†##B#.......
y^†...^X.H.#.#.#.#
B#<^#.†#.##..# ..
#..#..# . .
###..## .. .#. ^#
.(^# ##


You could see Arachne, Mlioglotl, a radroach, 2 entropy weavers, a culicivora, a
tarantella and a redback.

Vanquished Creatures
  Nikola (Spider:1)
  Zenata (Elf:2)
  A lich (Abyss:2)
  2 deep elf blademasters (Elf:3)
  2 deep elf master archers (Elf:3)
  Donald (Spider:1)
  An emperor scorpion (Spider:2)
  2 deep elf sorcerers (Elf:3)
  A ghost moth (Spider:2)
  2 orc warlords (Orc:2)
  Louise (Spider:2)
  4 deep elf elementalists
  A broodmother (Spider:1)
  10 deep elf demonologists
  A starcursed mass (Abyss:2)
  4 deep elf annihilators (Elf:3)
  A red draconian (Abyss:2)
  7 deep elf death magi
  4 deep elf high priests
  3 entropy weavers
  A rakshasa (Abyss:2)
  An ogre mage (Volcano)
  A catoblepas (Lair:5)
  4 two-headed ogres (Volcano)
  10 death yaks
  A deep troll shaman (Lair:5)
  2 thrashing horrors (Abyss:2)
  33 dancing weapons
  An orc high priest (Orc:2)
  A wretched star (Abyss:2)
  13 deep elf knights
  An orb spider (Spider:1)
  4 orc knights (Orc:2)
  2 harpies (Lair:3)
  Pikel (D:5)
  30 deep elf pyromancers
  A lindwurm (Lair:5)
  32 deep elf zephyrmancers
  13 deep elf archers
  9 ugly things (Elf:1)
  4 steelbarb worms
  6 orc sorcerers
  A cyclops (Orc:2)
  9 wolf spiders
  A salamander (shapeshifter) (Elf:1)
  A worldbinder (Abyss:2)
  The ghost of confidenceinterval the Skirmisher, a novice KoHu (D:5)
  8 elephants
  4 black mambas
  A guardian serpent (Abyss:2)
  Maurice (D:8)
  2 molten gargoyles (Volcano)
  An apocalypse crab (Abyss:2)
  A guardian serpent (shapeshifter) (Elf:1)
  2 torpor snails
  A smoke demon (Abyss:2)
  Joseph (D:8)
  An orange demon (Abyss:2)
  7 demonic crawlers
  A komodo dragon (Lair:1)
  7 cane toads
  A tormentor (Abyss:2)
  A rime drake (Lair:3)
  An unseen horror (Abyss:2)
  3 trolls
  A queen bee (Lair:2)
  A hornet (D:9)
  A queen bee (shapeshifter) (Elf:1)
  5 polar bears
  6 saltlings (Orc:2)
  4 blink frogs (Lair:3)
  11 tarantellas
  19 jumping spiders
  A shadow (D:9)
  3 air elementals
  3 water elementals (Elf:1)
  8 culicivoras
  A spriggan (D:8)
  A wraith (D:9)
  2 wyverns
  7 fire bats (Volcano)
  41 yaks
  Grum (D:8)
  A basilisk (Lair:4)
  A chaos spawn (Abyss:2)
  37 redbacks
  A neqoxec (Abyss:2)
  3 steam dragons
  Menkaure (D:6)
  7 wargs
  5 large abominations (Abyss:2)
  11 water moccasins
  2 ice beasts
  21 orc warriors
  A sky beast (D:8)
  3 black bears
  5 ogres
  7 centaurs
  10 wolves
  Blork the orc (D:5)
  A phantom (D:7)
  2 kobold brigands
  15 bullfrogs
  2 earth elementals
  3 scorpions
  4 gnoll sergeants
  6 wights
  24 killer bees (Lair:2)
  7 electric eels
  2 howler monkeys (D:8)
  A crimson imp (Abyss:2)
  6 lava snakes (Volcano)
  5 jellies
  7 hounds
  3 quasits (D:5)
  14 orc priests
  3 gnoll boudas
  3 iguanas
  A sleepcap (D:7)
  Ijyb (D:3)
  5 hell rats (Lair:3)
  15 orc wizards
  3 small abominations (Abyss:2)
  36 gnolls
  8 adders
  A white imp (D:7)
  An ufetubus (D:7)
  4 dart slugs
  62 orcs
  11 ball pythons
  A bat (D:1)
  10 endoplasms
  2 giant cockroaches (D:3)
  6 goblins
  9 hobgoblins
  15 jackals
  5 quokkas
  3 frilled lizards (D:1)
  21 kobolds
  4 rats
  13 pillars of salt (Orc:2)
856 creatures vanquished.

Vanquished Creatures (collateral kills)
  A red draconian (Volcano)
  13 foxfires (Lair:4)
14 creatures vanquished.

Vanquished Creatures (others)
  A jumping spider (Spider:1)
  A bush (Abyss:2)
  1246 foxfires
  34 fungi
  6 pillars of salt (Orc:2)
  40 plants
1328 creatures vanquished.

Grand Total: 2198 creatures vanquished

Notes
Turn   | Place    | Note
-------+----------+-------------------------------------------
     0 | D:1      | Conn the Octopode Fire Elementalist began the quest for the
                  | Orb.
     0 | D:1      | Reached XP level 1. HP: 11/11 MP: 3/3
   222 | D:1      | Reached XP level 2. HP: 13/17 MP: 5/5
   657 | D:1      | Reached XP level 3. HP: 21/21 MP: 6/6
  1365 | D:2      | Reached XP level 4. HP: 27/27 MP: 7/7
  1575 | D:1      | Learned a level 2 spell: Scorch
  1579 | D:1      | Learned a level 3 spell: Inner Flame
  1639 | D:2      | Reached skill level 1 in Long Blades
  1788 | D:2      | Found a faded altar of an unknown god.
  2195 | D:3      | Reached XP level 5. HP: 32/32 MP: 8/8
  2480 | D:3      | Noticed Ijyb
  2484 | D:3      | Killed Ijyb
  2580 | D:3      | Identified the ring "Ejuvis" {rPois AC+4 Str-4 Int-2 Dex+8}
  2685 | D:3      | Reached skill level 3 in Spellcasting
  3174 | D:4      | Reached XP level 6. HP: 37/37 MP: 4/11
  3399 | D:4      | Found Ickeustre's Distillery.
  3402 | D:4      | Bought a potion of lignification for 36 gold pieces
  3402 | D:4      | Bought a potion of curing for 36 gold pieces
  3407 | D:4      | Identified a scroll of acquirement
  3407 | D:4      | Acquired the +2 shield of Resistance {rF++ rC++ Will++}
  3407 | D:4      | Found the +2 shield of Resistance {rF++ rC++ Will++}
  3730 | D:4      | Reached skill level 1 in Fighting
  3877 | D:5      | Entered Level 5 of the Dungeon
  3891 | D:5      | Reached skill level 1 in Shields
  3891 | D:5      | Reached XP level 7. HP: 43/43 MP: 5/12
  4059 | D:5      | Noticed Pikel
  4083 | D:5      | Killed Pikel
  4084 | D:5      | Reached skill level 4 in Spellcasting
  4084 | D:5      | Reached XP level 8. HP: 43/48 MP: 8/14
  4198 | D:5      | Found a transporter.
  4315 | D:5      | Noticed confidenceinterval's ghost (novice KoHu)
  4507 | D:5      | Reached skill level 5 in Fire Magic
  4574 | D:5      | Found a transporter.
  4604 | D:5      | Noticed Blork the orc
  4613 | D:5      | Killed Blork the orc
  4753 | D:5      | Acquired 984 gold pieces
  5101 | D:5      | Killed confidenceinterval's ghost
  5102 | D:5      | Reached XP level 9. HP: 24/54 MP: 6/16
  5315 | D:6      | Reached skill level 5 in Spellcasting
  5315 | D:6      | Reached skill level 5 in Conjurations
  5404 | D:6      | Noticed Menkaure
  5407 | D:6      | Killed Menkaure
  6387 | D:6      | Found a glowing golden altar of the Shining One.
  6604 | D:6      | Found Ashupi's Book Emporium.
  6611 | D:6      | Bought a book of Spatial Translocations for 198 gold pieces
  6611 | D:6      | Bought a book of the Spheres for 594 gold pieces
  6611 | D:6      | Bought Performing Successful Mysticism for 264 gold pieces
  6617 | D:6      | Learned a level 4 spell: Flame Wave
  6620 | D:6      | Learned a level 2 spell: Blink
  6624 | D:6      | Learned a level 3 spell: Hailstorm
  6628 | D:6      | Learned a level 3 spell: Stone Arrow
  6905 | D:7      | Found a staircase to the Ecumenical Temple.
  6916 | Temple   | Entered the Ecumenical Temple
  7150 | Temple   | Became a worshipper of Sif Muna the Loreminder
  7184 | D:7      | Reached skill level 5 in Shields
  7192 | D:7      | Reached skill level 1 in Translocations
  7392 | D:7      | Reached * piety under Sif Muna
  7402 | D:7      | Reached XP level 10. HP: 12/61 MP: 6/18
  8058 | D:8      | Reached skill level 1 in Invocations
  8190 | D:8      | Reached skill level 6 in Spellcasting
  8365 | D:8      | Noticed Joseph
  8372 | D:8      | Killed Joseph
  8373 | D:8      | Reached skill level 5 in Long Blades
  8541 | D:8      | Reached ** piety under Sif Muna
  8704 | D:8      | Noticed Maurice
  8709 | D:8      | Noticed Grum
  8720 | D:8      | Found a staircase to the Lair.
  8732 | D:8      | Killed Grum
  8749 | D:8      | Killed Maurice
  8898 | D:8      | Acquired 1217 gold pieces
  8900 | D:8      | Acquired a staff of conjuration
  8957 | D:8      | Identified the +3 plate armour of Giubrod {Int+5}
  8958 | D:8      | Found a runed translucent gate.
  8958 | D:8      | Noticed paps's ghost (novice DsGl)
  8959 | D:8      | Found a runed translucent gate.
  8960 | D:8      | Found a runed translucent gate.
  9106 | D:8      | Identified the +2 hat of the Cursing Gods {rF+ rN+ MP+9
                  | Str+2}
  9107 | D:8      | Identified the +1 hat of Pan-Flutes {rElec Regen+ Str+3
                  | Slay-5}
  9372 | D:9      | Reached XP level 11. HP: 39/66 MP: 12/21
  9380 | D:9      | Reached skill level 7 in Spellcasting
 10774 | D:10     | Entered Level 10 of the Dungeon
 10913 | D:10     | Reached *** piety under Sif Muna
 10956 | D:10     | Reached skill level 8 in Spellcasting
 11062 | D:10     | Reached skill level 5 in Dodging
 11219 | D:10     | Found a staircase to the Orcish Mines.
 11277 | Orc:1    | Entered Level 1 of the Orcish Mines
 11461 | D:10     | Learned a level 5 spell: Fireball
 11755 | Lair:1   | Entered Level 1 of the Lair of Beasts
 11947 | Lair:1   | Reached **** piety under Sif Muna
 11948 | Lair:1   | Found a dark tunnel.
 12011 | Volcano  | Entered a volcano
 12032 | Volcano  | Reached XP level 12. HP: 72/72 MP: 24/24
 12099 | Volcano  | Reached skill level 9 in Spellcasting
 12137 | Volcano  | Noticed a two-headed ogre
 12148 | Volcano  | Killed a two-headed ogre
 12153 | Volcano  | Noticed a two-headed ogre
 12156 | Volcano  | Noticed a two-headed ogre
 12160 | Volcano  | Killed a two-headed ogre
 12161 | Volcano  | Reached skill level 1 in Hexes
 12161 | Volcano  | Reached skill level 5 in Invocations
 12162 | Volcano  | Killed a two-headed ogre
 12167 | Volcano  | Noticed an ogre mage
 12180 | Volcano  | Killed an ogre mage
 12189 | Volcano  | Found a bloodstained altar of Trog.
 12205 | Volcano  | Noticed a two-headed ogre
 12211 | Volcano  | Killed a two-headed ogre
 12234 | Volcano  | Noticed a red draconian
 12355 | Volcano  | Killed a red draconian
 12619 | Lair:1   | Identified the +0 scale mail of Hadjma {rElec rC+}
 12960 | Lair:2   | Reached ***** piety under Sif Muna
 12961 | Lair:2   | Reached skill level 10 in Spellcasting
 13264 | Lair:2   | Identified the +3 ring mail of Jihuhequ {-Tele rElec rC-
                  | Str+6}
 13389 | Lair:2   | Identified the +8 plate armour of the Five Knives {+Inv rC+
                  | Regen+ Int-3}
 13411 | Lair:2   | Identified the +2 leather armour of the Locust {rElec rF-
                  | Slay+6 Stlth+}
 13977 | Lair:3   | Reached XP level 13. HP: 77/77 MP: 27/27
 14210 | Lair:3   | Found a staircase to the Shoals.
 14356 | Lair:3   | Learned a level 3 spell: Mephitic Cloud
 14364 | Lair:3   | Learned a level 7 spell: Orb of Destruction
 14601 | Lair:3   | Found a hole to the Spider Nest.
 15363 | Lair:4   | Found a staircase to the Slime Pits.
 15385 | Lair:4   | Found a shadowy altar of Dithmenos.
 15591 | Lair:4   | Received a gift from Sif Muna
 15592 | Lair:4   | Got Sif Muna's Treatise on Destruction {god gift}
 15901 | Lair:5   | Entered Level 5 of the Lair of Beasts
 16233 | Lair:5   | Reached skill level 11 in Spellcasting
 16235 | Lair:5   | Reached skill level 10 in Fire Magic
 16704 | Lair:5   | Reached XP level 14. HP: 83/83 MP: 29/29
 16906 | Lair:5   | Found a shimmering altar of Xom.
 17021 | Lair:5   | Reached skill level 10 in Conjurations
 17390 | Lair:5   | Identified the +5 ring mail of Dyluit {rN++}
 17393 | Lair:5   | Identified the +2 plate armour "Vel Wice" {Str+6 Int+2
                  | Dex-4}
 17817 | Orc:2    | Entered Level 2 of the Orcish Mines
 17817 | Orc:2    | Found a staircase to the Elven Halls.
 18477 | Orc:2    | Noticed an orc warlord
 18482 | Orc:2    | Noticed an orc warlord
 18505 | Orc:2    | Killed an orc warlord
 18511 | Orc:2    | Received a gift from Sif Muna
 18512 | Orc:2    | Reached skill level 1 in Ice Magic
 18515 | Orc:2    | Upgraded the game from 0.30-a0-878-gc727b3d3d6 to
                  | 0.30-a0-883-g5ad918d77d
 18526 | Orc:2    | Killed an orc warlord
 18697 | Orc:2    | Got Sif Muna's Anthology of Battle Magic {god gift}
 18860 | Orc:2    | Found Bathroch's Magic Scroll Shoppe.
 18862 | Orc:2    | Found Widinah's Magic Scroll Shoppe.
 18868 | Orc:2    | Bought a scroll of acquirement for 780 gold pieces
 18868 | Orc:2    | Bought 2 scrolls of teleportation for 90 gold pieces
 18868 | Orc:2    | Bought a scroll of blinking for 112 gold pieces
 18874 | Orc:2    | Acquired the ring "Kozunask" {rCorr Int+5}
 18898 | Orc:2    | Found Ystriebbu's Jewellery Boutique.
 18903 | Orc:2    | Bought the ring of Cotiwn {rElec rC+} for 507 gold pieces
 18903 | Orc:2    | Bought the amulet "Zysosa" {Faith rC+ Int+5 Dex-3 Stlth+}
                  | for 793 gold pieces
 18931 | Orc:2    | Bought a ring of magical power for 260 gold pieces
 18989 | Orc:2    | Found Rivoc's Weapon Shoppe.
 19208 | Elf:1    | Entered Level 1 of the Elven Halls
 19216 | Elf:1    | Reached skill level 12 in Spellcasting
 19436 | Elf:1    | Reached skill level 10 in Shields
 19511 | Elf:1    | Found a runed translucent door.
 19631 | Elf:1    | Gained mutation: You occasionally lose the ability to read
                  | scrolls when taking damage. [potion of mutation]
 19631 | Elf:1    | Gained mutation: You are strong-willed. (Will+) [potion of
                  | mutation]
 19632 | Elf:1    | Lost mutation: You occasionally lose the ability to read
                  | scrolls when taking damage. [potion of mutation]
 19632 | Elf:1    | Lost mutation: You are strong-willed. (Will+) [potion of
                  | mutation]
 19632 | Elf:1    | Gained mutation: You are somewhat resistant to further
                  | mutation. [potion of mutation]
 19632 | Elf:1    | Gained mutation: You are partially covered in iridescent
                  | scales. (AC +2) [potion of mutation]
 19774 | Elf:1    | Learned a level 4 spell: Iskenderun's Mystic Blast
 19822 | Elf:1    | Noticed a deep elf demonologist
 19824 | Elf:1    | Found a frozen archway.
 19830 | Elf:1    | Reached XP level 15. HP: 71/88 MP: 29/31
 19831 | Elf:1    | Reached skill level 1 in Earth Magic
 20483 | Elf:1    | Received a gift from Sif Muna
 20489 | Elf:1    | Got Muritho's Compilation of Ectoplasm {god gift}
 20651 | Elf:1    | Reached skill level 1 in Staves
 20671 | Elf:1    | Reached skill level 1 in Poison Magic
 20682 | Elf:1    | Acquired 945 gold pieces
 21100 | Elf:2    | Noticed a deep elf elementalist
 21276 | Elf:2    | Killed a deep elf elementalist
 21590 | Elf:2    | Paralysed by an air elemental for 1 turns
 21687 | Elf:1    | Reached skill level 13 in Spellcasting
 21750 | Elf:2    | Reached skill level 10 in Invocations
 22537 | Elf:2    | Found a runed translucent door.
 22546 | Elf:2    | Found a runed translucent door.
 22558 | Elf:2    | Reached XP level 16. HP: 88/95 MP: 33/33
 22773 | Elf:2    | Noticed Zenata
 22792 | Elf:2    | Reached skill level 1 in Air Magic
 23458 | Elf:2    | Killed Zenata
 23673 | Elf:2    | Received a gift from Sif Muna
 23853 | Elf:2    | Got Sif Muna's Directory of the Nimbus and Glaciation {god
                  | gift}
 23858 | Elf:2    | Learned a level 3 spell: Ozocubu's Armour
 24340 | Elf:3    | Entered Level 3 of the Elven Halls
 24350 | Elf:3    | Reached skill level 5 in Translocations
 25029 | Elf:3    | Found Moutzor's Weapon Shop.
 25552 | Elf:3    | Reached skill level 14 in Spellcasting
 25809 | Elf:3    | Noticed a deep elf master archer
 25819 | Elf:3    | Killed a deep elf master archer
 25820 | Elf:3    | Noticed a deep elf master archer
 25822 | Elf:3    | Noticed a deep elf blademaster
 25822 | Elf:3    | Killed a ghostly deep elf master archer
 25833 | Elf:3    | Killed a deep elf blademaster
 25868 | Elf:3    | Killed a deep elf master archer
 25897 | Elf:3    | Reached XP level 17. HP: 54/99 MP: 33/35
 25900 | Elf:3    | Received a gift from Sif Muna
 25901 | Elf:3    | Got Sif Muna's Parchment of Telluric Combat Magic {god
                  | gift}
 26146 | Elf:3    | Noticed a deep elf blademaster
 26153 | Elf:3    | Killed a deep elf blademaster
 26174 | Elf:3    | Identified the +11 trident of Joisseush {heavy, rF+ Will+
                  | Int+3}
 26174 | Elf:3    | Identified the +1 leather armour "Hecups" {rN+ Int+2 Dex+2}
 26175 | Elf:3    | Noticed an Executioner
 26719 | Elf:3    | Identified the +2 ring mail of the Unseen Realm {Int+5}
 26758 | Elf:3    | Identified the +0 scale mail of the Skies Above {rN+ Int+6}
 27262 | Spider:1 | Entered Level 1 of the Spider Nest
 27408 | Spider:1 | Reached skill level 15 in Spellcasting
 27931 | Spider:1 | Noticed Nikola
 27958 | Spider:1 | Killed Nikola
 28369 | Spider:1 | Noticed Donald
 28378 | Spider:1 | Killed Donald
 29072 | Spider:2 | Received a gift from Sif Muna
 29538 | Spider:2 | Acquired the +0 hat of Agnosticism {rPois Regen+ Str+2}
 29896 | Spider:2 | Noticed Louise
 29899 | Abyss:2  | Cast into level 2 of the Abyss (Louise)
 29918 | Abyss:2  | Found a corrupted altar of Lugonu.
 29928 | Abyss:2  | Found a corrupted altar of Lugonu.
 29928 | Abyss:2  | Found a corrupted altar of Lugonu.
 30192 | Abyss:2  | Reached XP level 18. HP: 28/105 MP: 15/37
 30208 | Abyss:2  | Noticed a lich
 30231 | Abyss:2  | Killed a lich
 30346 | Spider:2 | Escaped the Abyss
 30356 | Spider:2 | Killed Louise
 30371 | Spider:2 | Reached skill level 5 in Ice Magic
 30722 | Spider:2 | Learned a level 6 spell: Starburst
 31046 | Spider:3 | Noticed Arachne
 31047 | Spider:3 | Noticed Mlioglotl
 31050 | Spider:3 | Mangled by an entropy weaver

Illustrated notes

Levels and vault maps discovered:
D:1:      elethiomel_arrival_quiet, layout_loops_corners, minmay_tromino_v4_a
D:2:      layout_loops_ring, basic_ecumenical_altar
D:3:      kennysheep_big_flooded_room, layout_basic, uniq_ijyb
D:4:      layout_rooms, serial_shops, kennysheep_mini_moat
D:5:      layout_gridville, gammafunk_ghost_stat_death, uniq_blork_the_orc,
          uniq_pikel
D:6:      layout_layer_cave, tso_oasis_becter, kennysheep_small_square,
          uniq_menkaure
D:7:      layout_basic, minmay_temple_entry_slanted, amcnicky_mini_pool_small
D:8:      layout_rooms, erik_lair_island, biasface_ghost_orc_armoury,
          the_hattery, uniq_joseph, uniq_maurice, uniq_grum
D:9:      layout_gridville
D:10:     layout_gridville, minmay_orc_entry_guard_dogs
Temple:   mainiacjoe_temple_archimedes_tessellation
Lair:1:   layout_gridlike, nicolae_volcano_entry_lava_flow
Lair:2:   layout_roguey [special_room_bee], lemuel_fruit_tree,
          serial_bayou_shore_a, grunt_megastairs_5, serial_bayou_shore_b,
          serial_bayou_shore_b
Lair:3:   layout_cellular_growth, nicolae_shoals_entry_roost,
          hellmonk_spider_entry_life_and_decay, patterned_corridor
Lair:4:   layout_small_grid, nicolae_slime_entry_slimehenge, basic_altar,
          serial_bayou_lagoon_b
Lair:5:   grunt_lair_end_beastmaster, layout_gridlike, basic_altar,
          chequers_serial_rivers_room_b, serial_bayou_pond_e,
          cheibrodos_lair_lostbears
Spider:1: layout_chambers, uniq_nikola, uniq_donald
Spider:2: layout_cave_pods, uniq_louise
Spider:3: cheibrodos_spider_silkery, uniq_arachne, uniq_mlioglotl
Orc:1:    layout_caves, basic_altar
Orc:2:    hellmonk_orc_salted, layout_caves
Elf:1:    elf_arrival_002, layout_geoelf_diagonals,
          portal_ice_cave_entry_ugly_swarm, kennysheep_underground_church,
          minivault_13
Elf:2:    elven_hall_of_blades_hangedman_original
          [nicolae_blade_entry_splitting_headache], layout_rooms, uniq_zenata
Elf:3:    elf_hall, layout_geoelf_castle, serial_shops,
          nicolae_shop_statue_plus, amethyst_killhole, corexii_leaking_fountain

Skill      XL: |  1  2  3  4  5  6  7  8  9 10 11 12 13 14 15 16 17 18 |
---------------+-------------------------------------------------------+-----
Stealth        | 3 4 |  4.3
Long Blades    | 1 2 3 4 5 6 |  6.2
Spellcasting   | 3 4 5 6 8 10 11 12 13 14 15 | 15.6
Conjurations   | 2 4 6 7 8 9 10 11 13 14 | 14.8
Fighting       | 1 2 3 4 |  4.1
Fire Magic     | 4 5 6 7 8 9 10 11 12 | 12.9
Shields        | 1 2 3 5 6 8 9 10 11 | 11.8
Dodging        | 3 4 5 6 7 |  7.0
Translocations | 2 3 4 5 |  5.7
Invocations    | 3 4 6 7 9 10 | 10.8
Hexes          | 1 2 |  2.2
Ice Magic      | 1 4 5 |  5.1
Earth Magic    | 1 |  1.5
Staves         | 2 |  2.3
Poison Magic   | 1 3 |  3.1
Air Magic      | 2 |  2.3
Maces & Flails | |  0.3
Evocations     | |  0.3

Action                     |  1- 3 |  4- 6 |  7- 9 | 10-12 | 13-15 | 16-18 || total
---------------------------+-------+-------+-------+-------+-------+-------++-------
  Melee: Demon blade       |    49 |    46 |    73 |    82 |    11 |       ||   261
         Tentacles         |    13 |     9 |    21 |    43 |    26 |    23 ||   135
         Constrict         |    10 |    14 |    16 |    26 |    15 |    10 ||    91
         Punch             |     1 |       |     3 |     2 |     2 |     1 ||     9
         Staff             |       |       |       |    47 |    54 |    43 ||   144
         Eveningstar       |       |       |       |       |       |     6 ||     6
   Cast: Foxfire           |    35 |    80 |    76 |   210 |   239 |    78 ||   718
         Scorch            |       |     7 |    30 |    89 |   115 |    59 ||   300
         Flame Wave        |       |       |     4 |    27 |    59 |    39 ||   129
         Inner Flame       |       |       |     3 |    11 |    16 |    25 ||    55
         Hailstorm         |       |       |     1 |    10 |     9 |     8 ||    28
         Blink             |       |       |       |     2 |     3 |    12 ||    17
         Stone Arrow       |       |       |       |    10 |    18 |     9 ||    37
         Fireball          |       |       |       |     1 |    61 |    95 ||   157
         Mephitic Cloud    |       |       |       |       |    19 |    38 ||    57
         Iskenderun's Myst |       |       |       |       |    40 |   105 ||   145
         Ignition          |       |       |       |       |     1 |       ||     1
         Orb of Destructio |       |       |       |       |       |    46 ||    46
         Ozocubu's Armour  |       |       |       |       |       |    12 ||    12
         Starburst         |       |       |       |       |       |     3 ||     3
 Invoke: Channel Magic     |       |       |       |     2 |     3 |    18 ||    23
         Divine Exegesis   |       |       |       |       |     1 |       ||     1
  Evoke: Wand              |       |       |     3 |     2 |     2 |     1 ||     8
    Use: Scroll            |       |     6 |    10 |     9 |     8 |    11 ||    44
         Potion            |       |     2 |     8 |     3 |     6 |    10 ||    29
   Stab: Sleeping          |     7 |     8 |     1 |     6 |     4 |     1 ||    27
         Confused          |       |       |       |       |     4 |     2 ||     6
 Armour: Skin              |     2 |    16 |    72 |    39 |    22 |    49 ||   200
  Dodge: Dodged            |    33 |    62 |    78 |   126 |   143 |   137 ||   579
  Block: Kite shield       |       |     1 |   111 |   124 |    68 |   222 ||   526
         Buckler           |       |       |       |    53 |    72 |       ||   125

Table legend: (Time is in decaauts)
 A = Elapsed time spent in this place.
 B = Non-inter-level travel time spent in this place.
 C = Inter-level travel time spent in this place.
 D = Time resting spent in this place.
 E = Time spent auto-exploring this place.
 F = Levels seen in this place.
 G = Mean time per level.
                   A        B        C        D        E       F      G
               +--------+--------+--------+--------+--------+-----+--------+
         Total |  31132 |  30231 |    901 |   2618 |  19512 |  26 | 1197.4 |
       Dungeon |  11582 |  11187 |    395 |    938 |   7172 |  10 | 1158.2 |
        Temple |    259 |    238 |     21 |      0 |    208 |   1 |  259.0 |
          Lair |   5468 |   5254 |    214 |      0 |   4084 |   5 | 1093.6 |
   Spider Nest |   3348 |   3274 |     74 |     13 |   2695 |   3 | 1116.0 |
  Orcish Mines |   1882 |   1842 |     40 |      0 |   1172 |   2 |  941.0 |
   Elven Halls |   7741 |   7586 |    155 |   1589 |   4057 |   3 | 2580.3 |
         Abyss |    457 |    457 |      0 |      0 |     99 |   1 |  457.0 |
       Volcano |    392 |    392 |      0 |     78 |     25 |   1 |  392.0 |
               +--------+--------+--------+--------+--------+-----+--------+

Top non-repeatable levels by time:
   Elf:1: 3592 daAuts
   Elf:3: 2250 daAuts
   Elf:2: 1897 daAuts
Spider:1: 1798 daAuts
  Lair:5: 1599 daAuts
     D:6: 1576 daAuts
Spider:2: 1539 daAuts
   Orc:2: 1470 daAuts
     D:5: 1437 daAuts
     D:9: 1420 daAuts
     D:7: 1408 daAuts
     D:1: 1235 daAuts
     D:3: 1145 daAuts
  Lair:3: 1071 daAuts
  Lair:2: 1036 daAuts
